 Dungeon Crawl Stone Soup version 0.26.1-12-g5ba1501909 (webtiles) character file.

Game seed: 8793310600855590019

52264 Electrofox the Bludgeoner (level 14, 0/124 HPs)
             Began as a Minotaur Fighter on May 20, 2021.
             Was the Champion of Okawaru.
             Slain by a snapping turtle (5 damage)
             ... on level 1 of the Shoals on Oct 12, 2021.
             The game lasted 02:03:45 (25725 turns).

Electrofox the Bludgeoner (Minotaur Fighter)       Turns: 25725, Time: 02:03:46

Health: 0/124      AC: 23    Str: 22    XL:     14   Next: 26%
Magic:  19/19      EV:  4    Int:  9    God:    Okawaru [******]
Gold:   2188       SH: 13    Dex: 10    Spells: 13/13 levels left

rFire    . . .     SeeInvis .   a - +3 broad axe (venom)
rCold    . . .     Faith    .   c - +0 kite shield
rNeg     . . .     Spirit   .   Q - +0 crystal plate armour
rPois    .         Reflect  .   R - +1 hat
rElec    .         Harm     .   (no cloak)
rCorr    .         Rampage  .   U - +0 pair of gloves
Will     ++...                  (no boots)
Stlth    ..........             (no amulet)
HPRegen  0.30/turn              m - ring of willpower
MPRegen  0.16/turn              J - ring of flight

@: barbed spikes, flying, mesmerised
A: retaliatory headbutt, horns 2
a: Stop Flying, Renounce Religion, Heroism, Finesse


You were on level 1 of the Shoals.
You worshipped Okawaru.
Okawaru was exalted by your worship.
You visited 3 branches of the dungeon, and saw 19 of its levels.
You also visited: Ice Cave.

You collected 2188 gold pieces.

Inventory:

Hand Weapons
 a - a +3 broad axe of venom (weapon)
 o - a +1 hunting sling
 q - a +2 morningstar of protection
 G - the +3 short sword of a Gauntlet {venom, +Inv rPois Dex+5}
   (Okawaru gifted it to you in an ice cave)

   It poisons the flesh of those it strikes.
   It affects your dexterity (+5).
   It protects you from poison.
   It lets you turn invisible.
Missiles
 e - 167 sling bullets
 z - 89 poisoned darts (quivered)
Armour
 c - a +0 kite shield (worn)
 Q - a +0 crystal plate armour (worn)
 R - a +1 hat (worn)
 U - a +0 pair of gloves (worn)
Jewellery
 m - a ring of willpower (left hand)
 F - an uncursed ring of magical power
 I - an uncursed ring of resist corrosion
 J - a ring of flight (right hand)
 T - an uncursed ring of protection from cold
Wands
 v - a wand of random effects (27)
 E - a wand of enslavement (32)
 L - a wand of disintegration (19)
 M - a wand of iceblast (11)
 O - a wand of paralysis (18)
Scrolls
 b - 10 scrolls of teleportation
 f - 7 scrolls of remove curse
 g - a scroll of enchant armour {unknown}
 h - 4 scrolls of magic mapping
 i - 2 scrolls of summoning {unknown}
 k - 4 scrolls of enchant weapon
 n - a scroll of brand weapon {unknown}
 s - 2 scrolls of fog
 t - 6 scrolls of fear
 u - 2 scrolls of immolation
 y - 2 scrolls of amnesia {unknown}
 B - 2 scrolls of blinking
 H - 2 scrolls of torment {unknown}
 P - a scroll of silence {unknown}
Potions
 d - 5 potions of might
 l - 4 potions of heal wounds
 p - 4 potions of flight
 r - 2 potions of attraction
 w - a potion of ambrosia
 x - 3 potions of resistance
 A - 2 potions of cancellation
 D - 2 potions of curing
 K - a potion of invisibility
 S - a potion of haste


   Skills:
 + Level 11.6 Fighting
 - Level 11.2(14.7) Axes
 - Level 15.5(16.8) Maces & Flails
 + Level 11.6 Armour
 - Level 13.1 Shields
 - Level 8.0 Invocations
 * Level 3.6 Evocations


You had 13 spell levels left.
You didn't know any spells.
Your spell library contained the following spells:

 Spells                   Type           Power        Failure   Level
 Animate Skeleton         Necr           0%           100%        1
 Apportation              Tloc           0%           100%        1
 Corona                   Hex            0%           100%        1
 Pain                     Necr           0%           100%        1
 Sting                    Tmut/Pois      0%           100%        1
 Summon Small Mammal      Summ           0%           100%        1
 Poisonous Vapours        Pois/Air       0%           100%        2
 Conjure Flame            Conj/Fire      0%           100%        3
 Ignite Poison            Fire/Tmut/Pois 0%           100%        3
 Mephitic Cloud           Conj/Pois/Air  0%           100%        3
 Vampiric Draining        Necr           0%           100%        3
 Animate Dead             Necr           0%           100%        4
 Olgreb's Toxic Radiance  Pois           0%           100%        4
 Agony                    Necr           0%           100%        5
 Bolt of Magma            Conj/Fire/Erth 0%           100%        5
 Irradiate                Conj/Tmut      0%           100%        5
 Iskenderun's Battlesphe  Conj           0%           100%        5
 Freezing Cloud           Conj/Ice/Air   0%           100%        6
 Hydra Form               Tmut           0%           100%        6
 Iron Shot                Conj/Erth      0%           100%        6
 Statue Form              Tmut/Erth      0%           100%        6
 Dragon Form              Tmut           0%           100%        7
 Orb of Destruction       Conj           0%           100%        7
 Spellforged Servitor     Conj/Summ      0%           100%        7


Dungeon Overview and Level Annotations

Branches:
Dungeon (13/15)            Temple (0/1) D:7            Lair (5/6) D:9
 Shoals (1/4) Lair:4       Spider (0/4) Lair:3          Orc (0/2) D:10
  IceCv (visited)
  Slime: Lair:5-6    Vaults: D:13-14

Altars:
Dithmenos
Elyvilon
Fedhas
Gozag
Hepliaklqana
Kikubaaqudgha
Nemelex Xobeh
Okawaru
Qazlal
Trog
Vehumet
Yredelemnul
Zin
The Shining One
Lugonu

Annotations:
D:9 2 transporters, exclusion: downstairs, sipior's ghost, novice OpWz
D:11 Erolcha
Lair:5 1 runed translucent door, Ypehuijo's ghost, journeyman OpFi


Innate Abilities, Weirdness & Mutations

You reflexively headbutt those who attack you in melee.
You have a pair of horns on your head.


Message History

The wind drake looks as sick as possible!
The wind drake is heavily wounded.
You closely miss the wind drake.
The wind drake bites you but does no damage.
You block the snapping turtle's attack.
The wind drake bites you but does no damage.
The manticore flicks its tail.
The volley of spikes hits you!
The barbed spikes become lodged in your body.
* * * LOW HITPOINT WARNING * * *
The merfolk siren chants its luring song.
You slash the wind drake! You headbutt the wind drake.
The wind drake is almost dead.
You slash the wind drake! The wind drake flaps its wings at you.
The air twists around and violently strikes you in flight!!
* * * LOW HITPOINT WARNING * * *
The wind drake bites you but does no damage.
The snapping turtle bites you from afar.
You die...

#≈≈≈≈≈≈≈≈≈.# ..
#≈≈≈≈≈≈≈≈..## ....
#≈≈≈≈≈≈≈≈≈..##...#
#≈≈≈≈≈≈≈≈≈≈......##
#≈≈≈≈H≈≈≈≈≈.......#
#≈≈≈≈≈≈m≈≈≈.......###
#≈≈≈≈≈≈≈kt≈≈.........
#≈≈≈≈≈≈@k≈≈≈≈≈...≈≈≈≈
#≈≈≈≈≈≈≈≈≈≈..<...≈≈≈≈
#≈≈≈≈≈≈≈≈≈≈..#.≈≈≈≈≈≈
#≈≈≈≈≈≈≈≈≈≈≈....≈≈≈≈≈
#≈≈≈≈≈≈≈≈≈≈≈≈≈^≈≈≈≈≈≈
#≈≈≈≈≈≈≈≈≈≈≈≈≈≈≈≈≈≈≈≈
#≈≈≈≈≈≈≈≈≈≈≈≈≈≈≈≈≈≈≈≈
#≈≈≈≈≈≈≈≈≈≈≈≈≈≈≈≈≈≈≈≈
≈≈≈≈≈≈≈≈≈≈≈≈≈≈≈≈≈≈≈≈


You could see a snapping turtle, 2 wind drakes, a manticore (very poisoned) and
a merfolk siren (mesmerising).

Vanquished Creatures
  2 ice dragons (IceCv)
  3 hydras
  Harold (D:8)
  9 death yaks
  Urug (Lair:3)
  Nergalle (Lair:3)
  3 skeletal warriors (D:11)
  An unseen horror (D:13)
  Pikel (D:6)
  2 ugly things (D:12)
  A cyclops (D:11)
  A manticore (D:13)
  6 elephants (Lair:3)
  2 ice statues (IceCv)
  2 black mambas
  Psyche (D:8)
  A gargoyle (D:12)
  7 cane toads
  2 rime drakes (IceCv)
  6 komodo dragons
  6 kobold demonologists
  3 polar bears
  Grinder (D:5)
  6 trolls
  2 hornets
  6 dream sheep
  11 blink frogs
  2 wraiths
  A shadow (D:11)
  A redback (Lair:3)
  37 yaks
  Eustachio (D:5)
  A water elemental (Shoals:1)
  6 wyverns
  2 basilisks
  A steam dragon (Lair:5)
  9 water moccasins
  An acid dragon (D:12)
  18 orc warriors
  25 ice beasts
  2 sky beasts
  An eye of draining (D:12)
  3 phantoms
  2 black bears
  A necrophage (D:8)
  11 ogres
  10 wolves
  11 centaurs
  A lemure (D:6)
  11 big kobolds
  21 bullfrogs
  3 scorpions
  6 killer bees
  10 wights
  3 howler monkeys (D:9)
  3 centaur zombies
  A quasit (D:9)
  2 bullfrog skeletons
  7 hounds
  A jelly (D:11)
  8 orc priests
  2 centaur skeletons
  15 orc wizards
  6 iguanas
  Ijyb (D:4)
  7 worker ants
  A hell rat (D:9)
  A statue (D:9)
  A killer bee zombie (D:7)
  2 hound zombies
  Robin (D:2)
  12 adders
  4 gnolls (D:7)
  2 river rats (D:9)
  3 shadow imps (D:9)
  6 white imps
  An ufetubus (D:6)
  2 adder skeletons
  An adder zombie (D:7)
  A worm (D:2)
  2 dart slugs
  4 leopard geckos
  49 orcs
  2 giant cockroaches (D:2)
  20 goblins
  11 hobgoblins
  4 jackals
  7 quokkas
  A ball python skeleton (D:6)
  6 bats
  8 frilled lizards
  13 kobolds
  A leopard gecko skeleton (D:6)
  A leopard gecko zombie (D:6)
  A quokka zombie (D:5)
  8 rats
518 creatures vanquished.

Vanquished Creatures (others)
  7 demonic plants (D:13)
  10 fungi
  19 plants
36 creatures vanquished.

Grand Total: 554 creatures vanquished

Notes
Turn   | Place    | Note
-------+----------+-------------------------------------------
     0 | D:1      | Electrofox the Minotaur Fighter began the quest for the
                  | Orb.
     0 | D:1      | Reached XP level 1. HP: 19/19 MP: 0/0
   171 | D:1      | Reached XP level 2. HP: 24/26 MP: 1/1
   534 | D:2      | Found a sparkling altar of Nemelex Xobeh.
   593 | D:2      | Reached XP level 3. HP: 31/31 MP: 2/2
   734 | D:2      | Reached skill level 5 in Axes
   929 | D:2      | Noticed Robin
   987 | D:2      | Reached XP level 4. HP: 39/39 MP: 3/3
   989 | D:2      | Killed Robin
  1205 | D:2      | You fall into a shaft and drop 1 floor!
  1418 | D:3      | Found an opulent altar of Gozag.
  1484 | D:3      | Found a bloodstained altar of Trog.
  3050 | D:4      | Found a shadowy altar of Dithmenos.
  3154 | D:4      | Reached skill level 1 in Maces & Flails
  3154 | D:4      | Reached XP level 5. HP: 35/45 MP: 4/4
  3160 | D:4      | Reached skill level 2 in Maces & Flails
  3283 | D:4      | Found a hazy altar of Hepliaklqana.
  3366 | D:4      | Reached skill level 3 in Maces & Flails
  3399 | D:4      | Found an ancient bone altar of Kikubaaqudgha.
  3402 | D:4      | Found an iron altar of Okawaru.
  3440 | D:4      | Noticed Ijyb
  3462 | D:4      | Killed Ijyb
  3466 | D:4      | Reached skill level 4 in Maces & Flails
  3551 | D:4      | Reached XP level 6. HP: 51/51 MP: 5/5
  3629 | D:4      | Reached skill level 5 in Maces & Flails
  3797 | D:4      | Reached skill level 6 in Maces & Flails
  3801 | D:4      | Reached XP level 7. HP: 48/57 MP: 6/6
  3921 | D:4      | Reached skill level 7 in Maces & Flails
  4189 | D:4      | Found a white marble altar of Elyvilon.
  4224 | D:5      | Entered Level 5 of the Dungeon
  4445 | D:5      | Reached skill level 8 in Maces & Flails
  4736 | D:4      | Became a worshipper of Warmaster Okawaru
  4886 | D:5      | Noticed Eustachio
  4901 | D:5      | Killed Eustachio
  4902 | D:5      | Reached skill level 9 in Maces & Flails
  4902 | D:5      | Reached XP level 8. HP: 59/64 MP: 7/7
  4935 | D:5      | Noticed Grinder
  4949 | D:5      | Killed Grinder
  4949 | D:5      | Reached * piety under Okawaru
  4950 | D:5      | Reached skill level 10 in Maces & Flails
  5024 | D:5      | Found a stormy altar of Qazlal.
  5643 | D:6      | Reached skill level 11 in Maces & Flails
  5899 | D:6      | Reached ** piety under Okawaru
  5900 | D:6      | Reached skill level 12 in Maces & Flails
  6170 | D:6      | Noticed Pikel
  6194 | D:6      | Killed Pikel
  6195 | D:6      | Reached XP level 9. HP: 67/70 MP: 8/8
  6372 | D:7      | Reached skill level 13 in Maces & Flails
  6473 | D:7      | Found a staircase to the Ecumenical Temple.
  7104 | D:7      | Reached skill level 14 in Maces & Flails
  7119 | D:7      | Found a stormy altar of Qazlal.
  7653 | D:8      | Reached *** piety under Okawaru
  7825 | D:8      | Noticed Psyche
  7840 | D:8      | Killed Psyche
  7841 | D:8      | Reached skill level 15 in Maces & Flails
  7841 | D:8      | Reached XP level 10. HP: 62/77 MP: 9/9
  8533 | D:8      | Reached **** piety under Okawaru
  8534 | D:8      | Reached skill level 5 in Shields
  8722 | D:8      | Noticed Harold
  8740 | D:8      | Killed Harold
  8740 | D:8      | Reached ***** piety under Okawaru
  8983 | D:9      | Noticed a death yak
  8983 | D:9      | Noticed a death yak
  9183 | D:9      | Noticed a death yak
  9207 | D:8      | Killed a death yak
  9207 | D:8      | Received a gift from Okawaru
  9421 | D:9      | Noticed an eight-headed hydra
  9421 | D:9      | Noticed sipior's ghost (novice OpWz)
  9425 | D:9      | Found a transporter.
  9490 | D:9      | Found a basalt altar of Yredelemnul.
  9496 | D:9      | Found a glowing golden altar of the Shining One.
  9499 | D:9      | Noticed an angel
  9509 | D:9      | Noticed a profane servitor
  9554 | D:9      | Found a transporter.
  9625 | D:9      | Reached skill level 10 in Shields
  9815 | D:8      | Killed a death yak
 10032 | D:9      | Identified the +4 short sword "Qaoddur" {drain, Int+2}
 10039 | D:9      | Reached XP level 11. HP: 33/82 MP: 10/10
 10047 | D:9      | Found a staircase to the Lair.
 10355 | D:9      | Paralysed by a hornet for 2 turns
 10795 | D:9      | Killed a death yak
 11289 | D:9      | Found a radiant altar of Vehumet.
 11504 | D:10     | Entered Level 10 of the Dungeon
 11791 | D:9      | HP: 4/80 [poisoned by a killer bee]
 11797 | D:9      | HP: 4/80 [poisoned by a killer bee]
 11805 | D:9      | HP: 3/80 [poisoned by a killer bee]
 12666 | D:10     | Found a staircase to the Orcish Mines.
 13669 | D:11     | Noticed a skeletal warrior
 13671 | D:11     | Noticed a skeletal warrior
 13711 | D:11     | Killed a skeletal warrior
 13712 | D:11     | Reached skill level 5 in Invocations
 13728 | D:11     | Killed a skeletal warrior
 13998 | D:11     | Noticed a skeletal warrior
 14014 | D:11     | Killed a skeletal warrior
 14079 | D:11     | Found a frozen archway.
 14311 | IceCv    | Entered an ice cave
 15051 | IceCv    | Received a gift from Okawaru
 15052 | IceCv    | Got a smoking short sword {god gift}
 15059 | IceCv    | Identified the +3 short sword of a Gauntlet {venom, +Inv
                  | rPois Dex+5} (Okawaru gifted it to you in an ice cave)
 15378 | IceCv    | Reached XP level 12. HP: 72/92 MP: 16/16
 15537 | IceCv    | Noticed an ice dragon
 15537 | IceCv    | Noticed an ice dragon
 15548 | IceCv    | Killed an ice dragon
 15556 | IceCv    | Killed an ice dragon
 15557 | IceCv    | Reached skill level 5 in Fighting
 16087 | D:11     | Found a glowing silver altar of Zin.
 16197 | D:11     | Reached skill level 5 in Armour
 16633 | D:11     | Noticed Erolcha
 17515 | D:12     | Received a gift from Okawaru
 17841 | D:12     | Found a blossoming altar of Fedhas.
 18754 | D:13     | Found a corrupted altar of Lugonu.
 19112 | D:13     | Received a gift from Okawaru
 19556 | D:13     | Reached XP level 13. HP: 94/107 MP: 18/18
 19762 | Lair:1   | Entered Level 1 of the Lair of Beasts
 19955 | Lair:1   | Reached skill level 10 in Axes
 22000 | Lair:3   | Noticed Urug
 22020 | Lair:3   | Killed Urug
 22447 | Lair:3   | Received a gift from Okawaru
 22534 | Lair:3   | Found a hole to the Spider Nest.
 22554 | Lair:3   | Noticed Nergalle
 22568 | Lair:3   | Killed Nergalle
 22585 | Lair:3   | Received a gift from Okawaru
 22903 | Lair:3   | You fall into a shaft and drop 2 floors!
 22953 | Lair:5   | Noticed Ypehuijo's ghost (journeyman OpFi)
 22955 | Lair:5   | Found a runed translucent door.
 23005 | Lair:5   | Reached skill level 10 in Armour
 23007 | Lair:5   | Reached skill level 10 in Fighting
 23662 | Lair:4   | Reached ****** piety under Okawaru
 23846 | Lair:4   | Found a staircase to the Shoals.
 24262 | Lair:3   | Upgraded the game from 0.26.1-11-gd32895ea62 to
                  | 0.26.1-12-g5ba1501909
 24335 | Lair:4   | Reached XP level 14. HP: 101/124 MP: 19/19
 24543 | Lair:4   | Reached skill level 1 in Evocations
 25710 | Shoals:1 | Entered Level 1 of the Shoals
 25725 | Shoals:1 | HP: 5/124 [wind drake/the air (28)]
 25725 | Shoals:1 | Slain by a snapping turtle

Illustrated notes

Levels and vault maps discovered:
D:1:      zaba_arrival_water, layout_rooms
D:2:      layout_loops_corners, nemelex_xobeh_ov_fountains_minmay, uniq_robin
D:3:      layout_basic, old_standard_altar, overflow_temple_1_default,
          kennysheep_generic_room_2
D:4:      kennysheep_the_goblin_king, layout_rooms, overflow_temple_1_default,
          nzn_hepliaklqana_mist_gate, nicolae_overflow_hidden_temple
D:5:      layout_loops_corners, old_standard_altar, minmay_pentangle,
          uniq_grinder, uniq_ijyb, uniq_eustachio
D:6:      layout_basic, uniq_pikel
D:7:      layout_basic, minmay_temple_entry_mist,
          nicolae_qazlal_style_of_elements
D:8:      layout_loops_corners, special_room [special_room_kobold], uniq_harold,
          uniq_psyche
D:9:      layout_irregular_city, grunt_temple_overflow_holy_war, vehumet_statue,
          dpeg_lair_monsters, gammafunk_ghost_arena
D:10:     layout_long_grid, orc_david_3
D:11:     layout_loops_cross, basic_altar, portal_ice_cave_entry_ice_beasts,
          uniq_erolcha
D:12:     layout_loops_ring, basic_altar, special_room [special_room_orc]
D:13:     kennysheep_kobold_lugonu_temple, layout_irregular_city
Lair:1:   layout_chaotic_city, grunt_forest_stairs_basic
Lair:2:   layout_roguey, serial_bayou_shore_a
Lair:3:   layout_cave_pods, spider_nest_entry_webs, uniq_nergalle, uniq_urug
Lair:4:   layout_hall_layers, elwin_shoals_entry_rocks
Lair:5:   layout_loops_ring, hellmonk_ghost_happy_afterlife, grunt_megastairs_1
Shoals:1: layout_shoals, nicolae_shoals_this_corrosion

Skill      XL: |  1  2  3  4  5  6  7  8  9 10 11 12 13 14 |
---------------+-------------------------------------------+-----
Axes           | 3 4 5 6 9 11 | 11.2
Maces & Flails | 1 4 6 9 12 15 | 15.5
Shields        | 10 12 13 | 13.1
Invocations    | 7 8 |  8.0
Fighting       | 4 8 11 | 11.6
Armour         | 4 8 11 | 11.6
Evocations     | 3 |  3.6

Action                   |  1- 3 |  4- 6 |  7- 9 | 10-12 | 13-15 || total
-------------------------+-------+-------+-------+-------+-------++-------
Melee: War axe           |    79 |    70 |       |       |       ||   149
       Headbutt          |     6 |    16 |    37 |   183 |   107 ||   349
       Morningstar       |       |    63 |   280 |   749 |   361 ||  1453
       Broad axe         |       |       |       |   208 |   170 ||   378
 Fire: Hunting sling     |       |    22 |    58 |   100 |       ||   180
Throw: Dart              |       |       |    10 |    60 |    21 ||    91
Invok: Heroism           |       |       |       |    10 |    10 ||    20
       Finesse           |       |       |       |     2 |     4 ||     6
 Abil: Evoke Flight      |       |       |       |       |     1 ||     1
Evoke: Wand              |       |       |       |     1 |     1 ||     2
  Use: Scroll            |       |       |    13 |    11 |     8 ||    32
       Potion            |       |       |       |     3 |       ||     3
Armor: Scale mail        |    28 |    61 |    34 |       |       ||   123
       Chain mail        |       |       |    63 |   139 |       ||   202
       Plate armour      |       |       |       |   191 |     7 ||   198
       Crystal plate arm |       |       |       |       |   291 ||   291
Dodge: Dodged            |    26 |    37 |    51 |   124 |    80 ||   318
Block: Kite shield       |    46 |    63 |   112 |   470 |   320 ||  1011
